 Dungeon Crawl Stone Soup version 0.32-a0-898-g7811c86cf0 (webtiles) character file.

Game seed: 798369069540977081

1047 Biggs the Skirmisher (level 8, 0/59 HPs)
             Began as a Coglin Hunter on Apr 5, 2024.
             Was a Follower of Okawaru.
             Slain by a troll (10 damage)
             ... on level 5 of the Dungeon.
             The game lasted 00:05:36 (3378 turns).

Biggs the Skirmisher (Coglin Hunter)                Turns: 3378, Time: 00:05:37

Health: 0/59       AC:  6    Str: 12    XL:     8   Next: 25%
Magic:  8/8        EV: 11    Int:  9    God:    Okawaru [*.....]
Gold:   217        SH:  0    Dex: 19    Spells: 7/7 levels left

rFire   . . .        a - +2 sling {Apolônia}
rCold   . . .        m - +2 sling (drain) {Yuina}
rNeg    . . .        c - +0 leather armour
rPois   .            l - +0 helmet
rElec   .            r - +0 cloak
rCorr   .            (no gloves)
SInv    .            j - +0 pair of boots
Will    .....        (amulet unavailable)
Stlth   ++           (ring unavailable)
HPRegen 0.29/turn    (ring unavailable)
MPRegen 0.11/turn    (no gizmo)

%: no passive effects
@: revved
A: off-hand wielding, slow wielding, warmup strikes, no jewellery
a: Invent Gizmo, Renounce Religion, Heroism


You were on level 5 of the Dungeon.
You worshipped Okawaru.
Okawaru was aware of your devotion.
You visited 2 branches of the dungeon, and saw 6 of its levels.

You collected 217 gold pieces.

Inventory:

Hand Weapons
 a - a +2 sling (weapon) {Apolônia}
 d - a +0 sling {Appia}
 m - a +2 sling of draining (offhand) {Yuina}
Armour
 c - a +0 leather armour (worn)
 j - a +0 pair of boots (worn)
 l - a +0 helmet (worn)
 r - a +0 cloak (worn)
Scrolls
 b - a scroll of butterflies
 f - a scroll of torment {unknown}
 g - 4 scrolls of identify {unknown}
 h - 2 scrolls of silence {unknown}
 n - a scroll of teleportation {unknown}
 p - a scroll of noise {unknown}
 s - a scroll of enchant armour {unknown}
 u - a scroll of blinking {unknown}
Potions
 e - 3 potions of cancellation {unknown}
 i - 3 potions of curing {unknown}
 k - a potion of mutation {unknown}
 o - 2 potions of haste {unknown}
 q - 3 potions of heal wounds {unknown}
 t - a potion of enlightenment {unknown}


   Skills:
 + Level 3.6 Fighting
 - Level 9.0 Ranged Weapons
 - Level 1.7 Dodging
 - Level 0.7 Stealth


You had 7 spell levels left.
You didn't know any spells.
Your spell library contained the following spells:

 Spells                   Type           Power      Damage    Failure   Level
 Apportation              Tloc           0%         N/A       45%         1
 Necrotise                Necr           0%         1d4       45%         1
 Sting                    Conj/Alch      0%         1d3       45%         1
 Maxwell's Portable Pile  Tloc           0%         2d(5-13)  83%         3
 Passage of Golubria      Tloc           0%         N/A       99%         4
 Arcjolt                  Conj/Air       0%         1d10      100%        5
 Silence                  Hex/Air        0%         N/A       100%        5
 Lehudib's Crystal Spear  Conj/Erth      0%         10d2      100%        8
 Maxwell's Capacitive Co  Air            0%         ∞         100%        8
 Summon Small Mammal      Summ           Unusable   N/A       N/A         1

Dungeon Overview and Level Annotations

Branches:
Dungeon (5/15)             Temple (1/1) D:4

Altars:
Ashenzari
Cheibriados
Elyvilon
Gozag
Hepliaklqana
Kikubaaqudgha
Makhleb
Nemelex Xobeh
Okawaru
Qazlal
Vehumet
Wu Jian
Xom
Zin


Innate Abilities, Weirdness & Mutations

You can wield a second weapon in your off-hand.
It takes a long time for you to wield or remove held weapons.
Your first few attacks do less damage.
You cannot equip rings or amulets.


Message History

You shoot a sling bullet.
The sling bullet closely misses the troll.
You shoot a sling bullet. The sling bullet hits the troll.
The troll is lightly wounded.
A phantom comes into view.
Unknown command.
You shoot a sling bullet. The sling bullet hits the troll.
The troll is lightly wounded.
You shoot a sling bullet.
The sling bullet hits the troll but does no damage.
The troll is lightly wounded.
The troll completely misses you. The troll claws you. The troll misses you.
Unknown command.
You shoot a sling bullet. The sling bullet hits the troll.
The troll is lightly wounded.
You shoot a sling bullet.
The sling bullet closely misses the troll.
The sling bullet barely misses the ufetubus.
The sling bullet misses the ufetubus.
The troll completely misses you. The troll barely misses you.
The troll claws you!
You shoot a sling bullet. The sling bullet hits the troll.
The troll is lightly wounded.
You shoot a sling bullet. The sling bullet hits the troll.
The troll is lightly wounded.
The troll bites you! The troll claws you. x2
An adder comes into view.
Unknown command.
You shoot a sling bullet. The sling bullet hits the troll!
The troll is moderately wounded.
You shoot a sling bullet.
The sling bullet closely misses the troll.
The sling bullet barely misses the ufetubus.
The sling bullet hits the ufetubus.
The ufetubus is heavily wounded.
The troll bites you!
* * * LOW HITPOINT WARNING * * *
The troll claws you.
* * * LOW HITPOINT WARNING * * *
The troll claws you!
You die...

.....#.. ........
........ ........
........ # #....... #.
#####....#..
#.########........#..
#W5T@.............###
....5S###................
..... #........########
...⌠ ##...........# # ..5
#...).......#### ..
#####........... .
#.#..#...... ###........#
##.#..P♣..


You could see a troll, a phantom, an adder and 2 ufetubi.

Vanquished Creatures
  A water moccasin (D:5)
  A sky beast (D:4)
  An ogre (D:5)
  4 phantoms
  Blork the orc (D:5)
  A water moccasin zombie (D:4)
  A bullfrog zombie (D:4)
  An orc priest (D:4)
  An orc wizard (D:4)
  Crazy Yiuf (D:4)
  2 hound zombies (D:4)
  A hound skeleton (D:4)
  Robin (D:2)
  5 adders
  A shadow imp (D:5)
  3 white imps (D:5)
  2 ufetubi (D:5)
  An adder skeleton (D:4)
  A ribbon worm (D:4)
  3 dart slugs
  7 orcs
  6 ball pythons
  5 endoplasms
  3 giant cockroaches
  15 goblins
  17 hobgoblins
  2 jackals (D:2)
  5 quokkas
  5 bats
  4 frilled lizards
  6 kobolds
  9 rats
117 creatures vanquished.

Notes
Turn   | Place    | Note
-------+----------+-------------------------------------------
     0 | D:1      | Biggs the Coglin Hunter began the quest for the Orb.
     0 | D:1      | Reached XP level 1. HP: 16/16 MP: 1/1
    64 | D:1      | Reached skill level 4 in Ranged Weapons
    64 | D:1      | Reached XP level 2. HP: 22/22 MP: 2/2
   463 | D:1      | Reached XP level 3. HP: 27/27 MP: 3/3
  1059 | D:2      | Found a stormy altar of Qazlal.
  1080 | D:2      | Noticed Robin
  1084 | D:2      | Killed Robin
  1085 | D:2      | Reached skill level 5 in Ranged Weapons
  1085 | D:2      | Reached XP level 4. HP: 33/33 MP: 4/4
  1634 | D:3      | Reached XP level 5. HP: 38/38 MP: 5/5
  1795 | D:3      | Found an opulent altar of Gozag.
  1965 | D:3      | Found a broken altar of Ashenzari.
  2122 | D:3      | Saw a vision of the Swamp and the Snake Pit.
  2122 | D:3      | Noticed a four-headed hydra
  2122 | D:3      | Noticed a will-o-the-wisp
  2122 | D:3      | Noticed a black mamba
  2122 | D:3      | Noticed a naga mage
  2122 | D:3      | Noticed a tyrant leech
  2124 | D:3      | Noticed a naga
  2125 | D:3      | Noticed a naga ritualist
  2125 | D:3      | Noticed a black mamba
  2127 | D:3      | Noticed a naga
  2134 | D:3      | Noticed a black mamba
  2250 | D:4      | Found a staircase to the Ecumenical Temple.
  2286 | Temple   | Entered the Ecumenical Temple
  2295 | Temple   | Became a worshipper of Warmaster Okawaru
  2327 | D:4      | Reached skill level 6 in Ranged Weapons
  2328 | D:4      | Noticed a phantom
  2334 | D:4      | Killed a phantom
  2335 | D:4      | Reached XP level 6. HP: 44/44 MP: 6/6
  2472 | D:4      | Found a runed translucent door.
  2473 | D:4      | Noticed Crazy Yiuf
  2538 | D:4      | Noticed a sky beast
  2560 | D:4      | Killed a sky beast
  2561 | D:4      | Reached skill level 7 in Ranged Weapons
  2665 | D:4      | Found a stormy altar of Qazlal.
  2730 | D:4      | Reached XP level 7. HP: 46/50 MP: 7/7
  2757 | D:4      | Reached * piety under Okawaru
  2887 | D:4      | Reached skill level 8 in Ranged Weapons
  3067 | D:4      | Killed Crazy Yiuf
  3211 | D:5      | Entered Level 5 of the Dungeon
  3243 | D:5      | Noticed Blork the orc
  3248 | D:5      | Killed Blork the orc
  3251 | D:5      | Reached XP level 8. HP: 49/56 MP: 8/8
  3310 | D:5      | Reached skill level 9 in Ranged Weapons
  3371 | D:5      | Noticed a troll
  3378 | D:5      | Slain by a troll

Illustrated notes

Levels and vault maps discovered:
D:1:      minmay_arrival_stone_box, layout_basic
D:2:      layout_basic, basic_altar, uniq_robin
D:3:      layout_loops_ring, nicolae_overflow_hidden_temple,
          grunt_gozag_breadcrumbs, grunt_ashenzari_visionary
          [grunt_ashenzari_visionary_swamp, grunt_ashenzari_visionary_snake]
D:4:      layout_basic, nicolae_qazlal_beasts_of_the_sky,
          minmay_temple_entry_grid, serial_undead, serial_undead_b,
          serial_undead_b, serial_undead_b, serial_undead_c,
          uniq_crazy_yiuf_cottage
D:5:      layout_basic, gammafunk_temple_overflow_arena, serial_demonic,
          serial_demonic_d, serial_demonic_g, serial_demonic_f,
          serial_demonic_a, serial_demonic_a, serial_demonic_a,
          uniq_blork_the_orc
Temple:   hellmonk_temple_of_storms

Skill      XL: |  1  2  3  4  5  6  7  8 |
---------------+-------------------------+-----
Ranged Weapons | 4 5 6 7 8 9 |  9.0
Fighting       | 3 |  3.6
Dodging        | |  1.7
Stealth        | |  0.7

Action                     |  1- 3 |  4- 6 |  7- 9 || total
---------------------------+-------+-------+-------++-------
   Fire: Sling             |   148 |   220 |   144 ||   512
 Armour: Leather armour    |     8 |    23 |    18 ||    49
  Dodge: Dodged            |     6 |    16 |    14 ||    36

Table legend: (Time is in decaauts)
 A = Elapsed time spent in this place.
 B = Non-inter-level travel time spent in this place.
 C = Inter-level travel time spent in this place.
 D = Time resting spent in this place.
 E = Time spent auto-exploring this place.
 F = Levels seen in this place.
 G = Mean time per level.
                   A        B        C        D        E       F      G
               +--------+--------+--------+--------+--------+-----+--------+
         Total |   3411 |   3286 |    125 |      0 |   2769 |   6 |  568.5 |
       Dungeon |   3392 |   3283 |    109 |      0 |   2769 |   5 |  678.4 |
        Temple |     18 |      2 |     16 |      0 |      0 |   1 |   18.0 |
               +--------+--------+--------+--------+--------+-----+--------+

Top non-repeatable levels by time:
     D:4: 991 daAuts
     D:1: 807 daAuts
     D:2: 794 daAuts
     D:3: 631 daAuts
     D:5: 167 daAuts
  Temple: 18 daAuts
